 Dungeon Crawl Stone Soup version 0.22-a0-897-g1b7a381375 (webtiles) character file.

53 IcyTea the Firebug (level 3, -2/24 HPs)
             Began as a Demonspawn Fire Elementalist on July 31, 2018.
             Killed by divine providence
             ... invoked by an orc priest
              (10 damage)
             ... on level 2 of the Dungeon.
             The game lasted 00:05:43 (1491 turns).

IcyTea the Firebug (Demonspawn Fire Elementalist)   Turns: 1491, Time: 00:05:44

Health: -2/24      AC:  3    Str:  8    XL:     3   Next: 62%
Magic:  4/7        EV: 12    Int: 17    God:
Gold:   114        SH:  0    Dex: 13    Spells: 2/8 levels left

rFire    . . .     SeeInvis .   i - +0 spear
rCold    + . .     Gourm    .   (no shield)
rNeg     . . .     Faith    .   a - +0 robe
rPois    .         Spirit   .   (no helmet)
rElec    .         Reflect  .   (no cloak)
rCorr    .         Harm     .   (no gloves)
MR       .....                  f - +0 pair of boots
Stlth    ++........             (no amulet)
HPRegen  0.08/turn              k - ring of protection from cold
MPRegen  0.10/turn              (no ring)

@: no status effects
A: talons 1, powered by pain 1
a: no special abilities


You were on level 2 of the Dungeon.
You were not hungry.

You visited 1 branch of the dungeon, and saw 2 of its levels.

You collected 114 gold pieces.

Inventory:

Hand Weapons
 i - a +0 spear (weapon)
Missiles
 m - 5 javelins (quivered)
 u - 33 arrows
Armour
 a - a +0 robe (worn)
 f - a +0 pair of boots (worn)
Jewellery
 k - a ring of protection from cold (left hand)
Scrolls
 d - 3 scrolls of remove curse {unknown}
 e - a scroll of identify {unknown}
 h - a scroll of enchant armour {unknown}
 n - a scroll of enchant weapon {unknown}
 p - a scroll of fog {unknown}
 r - a scroll of random uselessness {unknown}
Potions
 b - 2 potions of might {unknown}
 g - a potion of lignification {unknown}
 j - a potion of magic {unknown}
 l - 2 potions of curing {unknown}
 o - a potion of berserk rage {unknown}
 q - 3 potions of haste {unknown}
 t - a potion of flight {unknown}
Comestibles
 c - 5 rations


   Skills:
 - Level 1.7 Dodging
 - Level 1.7 Stealth
 + Level 3.2 Spellcasting
 - Level 1.0 Conjurations
 - Level 3.3 Fire Magic


You had 2 spell levels left.
You knew the following spells:

 Your Spells              Type           Power        Failure   Level  Hunger
a - Flame Tongue          Conj/Fire      ##...        7%          1    None
b - Throw Flame           Conj/Fire      ##....       11%         2    ##.....
c - Conjure Flame         Conj/Fire      ##......     21%         3    ###....

Your spell library contained the following spells:

 Spells                   Type           Power        Failure   Level  Hunger
 Fireball                 Conj/Fire      ##........   88%         5    ######.
 Sticky Flame             Conj/Fire      ##......     56%         4    ####...
 Inner Flame              Hex/Fire       #.......     26%         3    ###....


Dungeon Overview and Level Annotations

Branches:
Dungeon (2/15)

Altars:
Ashenzari
Dithmenos
Nemelex Xobeh
Wu Jian
Yredelemnul


Innate Abilities, Weirdness & Mutations

You have sharp toenails.
You sometimes gain a little power by taking damage.


Message History

Press: ? - help, Shift-Dir - straight line, f/p - orc
Aim: an orc, wielding a short sword and wearing a ring mail The flame tongue misses the orc.
Casting: Flame Tongue (safe; 7% risk of failure)
Confirm with . or Enter, or press ? or * to list all spells.
Aiming: Flame Tongue (safe; 7% risk of failure)
Press: ? - help, Shift-Dir - straight line, f/p - orc
Aim: an orc, wielding a short sword and wearing a ring mail The flame tongue hits the orc.
The orc appears unharmed.
An orc priest comes into view. It is wielding a hand axe.
The orc completely misses you.
You hit the orc but do no damage. The orc hits you with a short sword!
An orc comes into view.
The orc shouts!
The orc priest looks braver for a moment.
The orc priest mumbles some strange prayers to Beogh against you.
Beogh smites you!
The orc priest mumbles some strange prayers to Beogh against you.
Beogh smites you!
You die...

######### #.. ...#
#.#####.##########
..##.....o..o.o..#
.....##.########@#
..# #.# #.#
#.#####o# #.#
#.o.o...# #.#
######### #.# #
#.### . #...# .
###.# #. #.#


You could see an orc priest and 2 orcs.

Vanquished Creatures
  An adder (D:2)
  An ooze (D:2)
  3 dart slugs
  An orc (D:2)
  6 bats
  2 giant cockroaches
  3 goblins (D:1)
  3 hobgoblins
  2 frilled lizards (D:1)
  3 kobolds (D:1)
  8 rats
33 creatures vanquished.

Notes
Turn   | Place    | Note
-------+----------+-------------------------------------------
     0 | D:1      | IcyTea the Demonspawn Fire Elementalist began the quest for the Orb.
     0 | D:1      | Reached XP level 1. HP: 13/13 MP: 3/3
   196 | D:1      | Gained mutation: You have sharp toenails. [demonic ancestry]
   196 | D:1      | Reached XP level 2. HP: 19/19 MP: 0/5
   211 | D:1      | Learned a level 2 spell: Throw Flame
   761 | D:2      | Found an ornate altar of the Wu Jian Council.
   762 | D:2      | Found a sparkling altar of Nemelex Xobeh.
   762 | D:2      | Found a shattered altar of Ashenzari.
   763 | D:2      | Found a shadowy altar of Dithmenos.
   777 | D:2      | Gained mutation: You sometimes gain a little power by taking damage. [demonic ancestry]
   777 | D:2      | Reached XP level 3. HP: 23/24 MP: 6/6
  1254 | D:2      | Found a basalt altar of Yredelemnul.
  1272 | D:2      | Learned a level 3 spell: Conjure Flame
  1491 | D:2      | Killed from afar by an orc priest

Vault maps used:
D:1:      dpeg_arrival_concentric_ovals
D:2:      lemuel_crystal_altar, yredelemnul_altar_generic, lemuel_doored_altar,
          grunt_temple_overflow_open

Skill      XL: |  1  2  3 |
---------------+----------+-----
Fire Magic     | 3 |  3.3
Spellcasting   | 3 |  3.2
Dodging        | |  1.7
Stealth        | |  1.7
Conjurations   | |  1.0

Action                   || total
-------------------------++-------
Melee: Spear             ||    90
 Cast: Flame Tongue      ||    30
       Throw Flame       ||     1
 Stab: Sleeping          ||     2
  Eat: Chunk             ||     2
Armor: Robe              ||    36
Dodge: Dodged            ||    68

Table legend:
 A = Spawn XP
 B = Non-spawn XP
 C = Spawn XP percentage of total XP
 D = Spawn monster count
 E = Non-spawn monster count
 F = Spawn count percentage of total count
 G = Total turns spent on level
                    A         B        C        D         E        F      G
               +---------+---------+-------+---------+---------+-------+---------
         Total |       0 |      76 |   0.0 |       0 |      33 |   0.0 |  1491
               +---------+---------+-------+---------+---------+-------+---------
           D:1 |       0 |      33 |   0.0 |       0 |      21 |   0.0 |   729
           D:2 |       0 |      43 |   0.0 |       0 |      12 |   0.0 |   762
               +---------+---------+-------+---------+---------+-------+---------
